AoeStats
← weefimonster

Arena

510517255Analyzed
4v4 RM · 18h ago on Oct 1, 2026· 50m 51s· 8 players
Game mode
Random Map
Map size
Large (8 player)
Population
200
Speed
Normal
Resources
Standard
Victory
Conquest
Starting age
Dark Age
Ending age
Imperial Age
RankedLock teamsTeams togetherTeam positionsShared explorationLock speedFull tech treeHidden civsTurbo modeCheats
Victory
Defeat
🇨🇳 Khmer · China
875
+13
🇨🇳 Vietnamese · China
867
+13
🇲🇴 Bohemians · Macao SAR China
826
+15
🇮🇳 Teutons · India
817
+15
🇷🇺 Saxons · Russia
851
-17
🇬🇧 Vietnamese · United Kingdom
805
-14
🇨🇦 Wei · Canada
782
-13
🇨🇳 Celts · China
762
-12
vinsin4105
0:36 Loom
11:57 Feudal Age
17:19 Castle Age
16:22 Double-Bit Axe
16:20 Horse Collar
21:38 Wheelbarrow
28:31 Imperial Age
26:47 Ironclad
26:21 Town Watch
26:52 Bow Saw
27:57 Hand Cart
28:00 Fortified Wall
27:54 Gold Mining
27:58 Stone Mining
30:19 Chemistry
29:44 Crenellations
30:49 Hoardings
30:36 Conscription
32:38 Fletching
33:34 Masonry
33:25 Bodkin Arrow
37:49 Siege Engineers
37:57 Heavy Scorpion
39:59 Ballistics
40:05 Sappers
43:51 Bombard Tower
43:17 Arrowslits
小笼包的诺姆
11:08 Feudal Age
12:46 Loom
16:09 Castle Age
14:11 Double-Bit Axe
16:32 Horse Collar
18:30 Wheelbarrow
18:16 Bow Saw
21:40 Heavy Plow
23:19 Wheelbarrow
23:08 Gold Mining
24:26 Hand Cart
24:15 Stone Mining
26:51 Stone Shaft Mining
31:04 Imperial Age
28:48 Fletching
28:59 Padded Archer Armor
29:23 Ballistics
28:44 Treadmill Crane
29:20 Thumb Ring
29:38 Bodkin Arrow
30:15 Masonry
30:56 Leather Archer Armor
31:42 Elite Rattan Archer
32:43 Paper Money
32:40 Bracer
33:11 Ring Archer Armor
34:37 Chemistry
34:39 Crop Rotation
35:09 Two-Man Saw
35:12 Squires
34:33 Elite Fire Lancer
34:59 Arson
36:05 Siege Engineers
40:20 Capped Ram
46:52 Pikeman
Ngaiiii
12:41 Feudal Age
13:34 Double-Bit Axe
13:31 Horse Collar
18:48 Castle Age
20:19 Bow Saw
24:53 Wheelbarrow
26:08 Hand Cart
26:18 Heavy Plow
28:33 Wagenburg Tactics
31:55 Imperial Age
33:00 Conscription
32:18 Heavy Scorpion
33:22 Caravan
33:33 Guilds
35:19 Two-Man Saw
36:10 Chemistry
35:18 Fletching
37:24 Bodkin Arrow
37:47 Forging
38:07 Ballistics
38:53 Pikeman
39:33 Squires
43:15 Capped Ram
44:09 Halberdier
47:42 Iron Casting
47:08 Bracer
47:08 Padded Archer Armor
47:09 Scale Mail Armor
51:51 Blast Furnace
51:07 Leather Archer Armor
51:08 Chain Mail Armor
美少女王兔
10:54 Feudal Age
14:17 Castle Age
12:33 Double-Bit Axe
13:05 Horse Collar
17:16 Bow Saw
17:14 Heavy Plow
18:28 Loom
21:26 Wheelbarrow
22:41 Gold Mining
23:15 Hand Cart
24:41 Gold Shaft Mining
23:59 Stone Mining
28:36 Imperial Age
27:05 Stone Shaft Mining
28:20 Ballistics
28:15 Bloodlines
28:06 Husbandry
29:54 Conscription
29:35 Double Crossbow
31:48 Padded Archer Armor
31:52 Elite Ballista Elephant
33:19 Leather Archer Armor
35:51 Ring Archer Armor
36:18 Crop Rotation
35:39 Town Watch
weefimonster
10:29 Feudal Age
16:48 Castle Age
14:54 Double-Bit Axe
15:15 Horse Collar
16:15 Gold Mining
17:59 Wheelbarrow
17:28 Light Cavalry
18:45 Heavy Plow
19:09 Stone Mining
20:05 Gold Shaft Mining
22:50 Stone Shaft Mining
22:07 Loom
29:33 Imperial Age
29:56 Scale Barding Armor
30:04 Forging
30:48 Ming Guang Armor
29:50 Elite Tiger Cavalry
31:29 Fortified Wall
31:17 Murder Holes
31:56 Conscription
33:40 Tuntian
34:19 Hoardings
35:48 Chain Barding Armor
35:19 Fletching
36:30 Caravan
37:16 Iron Casting
37:45 Chemistry
36:58 Masonry
37:18 Bloodlines
37:09 Husbandry
37:11 Bodkin Arrow
40:43 Town Watch
41:18 Hand Cart
44:29 Hussar
antpant1991
0:51 Loom
16:11 Feudal Age
17:30 Wheelbarrow
21:42 Castle Age
20:37 Double-Bit Axe
20:47 Gold Mining
20:48 Stone Mining
22:43 Hand Cart
22:15 Crossbowman
24:21 Bow Saw
24:34 Thumb Ring
27:49 Caravan
28:10 Fletching
28:21 Padded Archer Armor
32:28 Elite Skirmisher
36:01 Imperial Age
33:54 Ballistics
34:25 Bodkin Arrow
34:46 Leather Archer Armor
35:57 Fortified Wall
35:43 Murder Holes
35:59 Masonry
36:22 Chatras
37:30 Onager
42:28 Imperial Skirmisher
Burum
6:02 Loom
12:27 Feudal Age
19:01 Castle Age
20:08 Double-Bit Axe
20:06 Horse Collar
20:52 Forging
20:42 Scale Mail Armor
21:58 Bow Saw
23:42 Iron Casting
23:22 Chain Mail Armor
24:13 Squires
23:33 Pikeman
25:52 Wheelbarrow
27:14 Gold Mining
27:14 Stone Mining
32:12 Imperial Age
31:39 Town Watch
32:09 Clerical Recruitment
32:56 Halberdier
36:44 Gold Shaft Mining
37:22 Heavy Plow
40:05 Two-Man Saw
40:54 Chain Mail Armor
40:34 Fletching
40:45 Padded Archer Armor
43:28 Elite Varangian Guard
46:31 Scale Barding Armor
47:09 Husbandry
46:30 Cavalier
47:14 Gambesons
46:50 Man-at-Arms
48:53 Plate Mail Armor
48:43 Chain Barding Armor
haodeheng
1:00 Loom
12:28 Feudal Age
20:03 Castle Age
18:10 Double-Bit Axe
19:14 Horse Collar
20:25 Gold Mining
23:11 Stone Mining
25:05 Stone Shaft Mining
25:07 Bow Saw
27:27 Caravan
27:49 Heavy Plow
31:20 Stronghold
34:05 Ballistics
33:56 Masonry
33:40 Fletching
33:51 Padded Archer Armor
34:48 Wheelbarrow
35:18 Gold Shaft Mining
35:57 Hand Cart
36:48 Murder Holes
37:07 Fortified Wall
41:20 Imperial Age
40:04 Sanctity
45:14 Chemistry
45:04 Siege Engineers
47:02 Onager
Connection lost

Rejoining the realm…

Still unreachable

The connection could not be restored.

Session expired

The server has moved on; the page needs a fresh start.